Map: Dusk Towers (3.1.3 Balance v1.0)

Players

Bear - Winner!

  • Race: Zerg Zerg
  • League: Master

GoingCrimson

  • Race: Terran Terran
  • League: Gold

VOD

Have the link to the VOD?

Description

Time

  • Played on: Feb. 24, 2016, 11:49 p.m.
  • Length: 14:25
Show
View Real Time Build Order
Export as new Build Order

Bear Zerg - Winner!

Build Orders: Hatch First 

Get SALT Encoding   

  12  0:02  Drone  
  13  0:12  Overlord  
  13  0:18  Drone  
  14  0:30  Drone x2  
  14  0:35  Drone  
  17  0:54  Hatchery  
  16  0:59  Drone x2  
  16  1:03  Extractor  
  17  1:16  Spawning Pool  
  17  1:18  Drone  
  17  1:24  Drone  
  18  1:28  Drone  
  19  1:39  Overlord  
  19  1:52  Drone  
  20  2:05  Queen x2  
  20  2:06  Metabolic Boost  
  20  2:08  Drone  
  25  2:11  Zergling x2  
  26  2:16  Zergling x2  
  26  2:19  Drone  
  28  2:23  Drone  
  28  2:27  Drone  
  30  2:42  Hatchery, Drone  
  30  2:50  Drone x2  
  32  2:52  Overlord  
  32  2:56  Drone  
  33  2:59  Drone  
  33  3:04  Queen  
  36  3:14  Drone x4  
  36  3:19  Overlord  
  40  3:22  Zergling x4  
  42  3:34  Overlord  
  42  3:48  Roach Warren  
  42  3:50  Drone x6  
  42  3:52  Drone x2  
  42  3:54  Zergling x2  
  42  3:55  Zergling x4, Extractor  
  52  3:56  Extractor  
  52  3:59  Zergling x2  
  51  4:05  Zergling x2  
  51  4:06  Zergling x6  
  54  4:30  Roach x5  
  64  4:33  Overlord  
  64  4:34  Overlord x2  
  64  4:35  Overlord  
  62  4:48  Roach x2  
  62  4:51  Zergling x14  
  71  5:01  Roach x3  
  71  5:02  Roach  
  79  5:07  Lair  
  74  5:18  Drone x6  
  78  5:24  Queen  
  80  5:31  Ravager  
  80  5:32  Ravager  
  80  5:33  Ravager  
  80  5:34  Ravager  
  84  5:36  Drone x4  
  84  5:42  Drone x3  
  91  5:45  Drone  
  91  5:46  Extractor  
  91  5:47  Extractor, Drone  
  75  6:20  Ravager x2  
  75  6:21  Ravager x2  
  62  6:48  Glial Reconstitution  
  62  6:49  Roach x14  
  87  7:06  Drone x3  
  89  7:08  Overlord  
  89  7:09  Overlord x3  
  89  7:10  Overlord  
  89  7:12  Drone  
  89  7:14  Overlord x2  
  90  7:17  Hatchery  
  89  7:26  Hatchery  
  88  7:36  Roach x9  
  106  7:49  Ravager x6  
  112  7:53  Ravager x2  
  112  7:54  Ravager  
  112  7:55  Zergling x6  
  112  7:56  Zergling x14  
  125  8:04  Extractor  
  115  8:10  Ravager x2  
  115  8:11  Ravager x3  
  115  8:12  Zergling x12  
  122  8:13  Zergling x4  
  72  9:04  Queen  
  72  9:08  Drone x12  
  67  9:10  Drone  
  67  9:11  Drone x5  
  67  9:15  Queen  
  72  9:28  Infestation Pit  
  72  9:30  Spire  
  68  9:40  Roach x11  
  68  9:41  Roach x7  
  104  9:47  Drone x2  
  104  9:48  Drone x2  
  108  9:57  Roach x5  
  118  10:02  Ravager x5  
  118  10:04  Ravager x2  
  118  10:06  Ravager  
  126  10:08  Drone x3  
  126  10:09  Drone  
  126  10:10  Drone  
  126  10:11  Drone x2  
  126  10:12  Drone  
  130  10:29  Drone x6  
  130  10:30  Queen, Drone x2  
  130  10:32  Overlord x2  
  140  10:38  Evolution Chamber  
  140  10:39  Evolution Chamber  
  140  10:40  Hive  
  138  10:50  Drone x2  
  138  10:51  Drone x4  
  138  10:53  Drone x3  
  138  10:54  Drone  
  148  10:57  Ravager x4  
  148  10:58  Ravager x5  
  157  11:18  Zerg Ground Armor Level 1  
  157  11:24  Zerg Melee Weapons Level 1  
  157  11:35  Ravager x5  
  157  11:54  Spore Crawler  
  157  11:58  Extractor  
  157  12:00  Queen, Extractor  
  156  12:04  Ravager  
  156  12:06  Drone x7  
  165  12:09  Extractor  
  165  12:10  Extractor  
  93  12:49  Mutalisk  
  93  12:50  Mutalisk x11  
  116  13:00  Spore Crawler  
  116  13:05  Queen  
  115  13:06  Mutalisk x4  
  115  13:08  Zergling x18  
  115  13:09  Zergling x36  
  148  13:26  Mutalisk  
  144  13:27  Mutalisk x2  
  144  13:32  Drone x3  
  151  13:37  Mutalisk x2  
  151  13:40  Mutalisk  
  157  13:42  Zergling x14  
  157  13:43  Zergling x4  
  148  14:06  Zergling x18  
Show
View Real Time Build Order
Export as new Build Order

GoingCrimson Terran 

Build Orders: 1/1/1, Liberator Opening 

Get SALT Encoding   

  12  0:00  SCV  
  13  0:13  SCV  
  14  0:18  Supply Depot  
  14  0:25  SCV  
  15  0:29  Refinery  
  15  0:39  SCV  
  16  0:45  Barracks  
  16  0:52  SCV  
  17  1:04  SCV  
  18  1:16  SCV  
  19  1:18  Refinery  
  19  1:32  Orbital Command, Marine  
  20  1:35  Factory  
  20  1:42  Supply Depot  
  20  1:49  Marine  
  21  1:58  SCV  
  22  2:07  Marine  
  23  2:10  SCV  
  24  2:18  Factory Tech Lab  
  24  2:22  SCV  
  25  2:23  Starport  
  25  2:25  Marine  
  26  2:31  Supply Depot  
  26  2:34  SCV  
  27  2:40  Siege Tank  
  27  2:43  Marine  
  31  2:46  Liberator  
  31  2:53  SCV  
  31  2:54  Supply Depot  
  32  3:01  Marine  
  36  3:08  SCV  
  37  3:19  Marine  
  38  3:20  Siege Tank  
  38  3:26  SCV  
  42  3:29  Supply Depot  
  42  3:38  SCV  
  44  4:09  SCV, Command Center  
  44  4:10  Starport Reactor  
  44  4:11  Siege Tank, Barracks Tech Lab  
  47  4:29  Marine  
  48  4:41  Liberator x2  
  35  4:55  Marine  
  42  5:09  Barracks  
  42  5:10  Barracks  
  42  5:12  Barracks  
  42  5:26  Marine  
  43  5:31  Stimpack  
  43  5:32  Orbital Command  
  43  5:41  Siege Tank  
  28  6:28  Liberator  
  21  6:42  Marine  
  21  6:43  Marine x3  
  21  6:44  Siege Tank  
  31  6:54  Supply Depot  
  31  7:00  Marine  
  30  7:10  Marine  
  30  7:11  Marine x2  
  33  7:16  SCV x2, Siege Tank  
  33  7:18  Marine  
  39  7:28  SCV, Marine x3  
  43  7:46  Liberator  
  43  8:01  Marine x4  
  43  8:02  Siege Tank  
  50  8:18  Marine  
  50  8:19  Marine x3  
  54  8:23  Liberator  
  54  8:36  Marine  
  58  8:41  Marine  
  58  8:42  Marine x2  
  61  8:54  Marine  
  60  8:59  Marine x3  
  42  9:12  Marine  
  42  9:14  Liberator  
  43  9:17  Marine x3  
  43  9:19  Bunker  
  43  9:22  Supply Depot  
  43  9:23  SCV x2  
  48  9:27  Bunker  
  48  9:30  Marine, Siege Tank  
  49  9:35  Marine x2  
  54  9:43  Marine  
  55  9:47  Marine  
  56  9:53  Marine x2  
  58  10:01  Marine  
  58  10:05  Marine  
  57  10:29  Marine x4  
  61  10:46  Marine  
  62  11:01  Supply Depot x2  
  62  11:04  Command Center  
  62  11:11  Liberator  
  62  11:12  Liberator  
  62  11:22  SCV x2, Marine x4  
  68  11:28  Siege Tank  
  77  11:34  SCV  
  78  11:41  Supply Depot x2  
  78  11:42  Supply Depot  
  78  11:54  Liberator  
  78  11:55  Liberator  
  78  12:02  SCV x2, Marine x4  
  84  12:14  SCV  
  91  12:20  Marine x3  
  91  12:21  Orbital Command  
  94  12:23  SCV  
  94  12:27  SCV  
  96  12:35  SCV  
  78  12:39  SCV  
  76  12:44  Marine x2  
  76  12:45  Marine x2  
  80  12:55  Siege Tank  
  80  12:57  Liberator  
  83  13:02  Marine x3  
  83  13:03  Marine  
  90  13:20  Marine x4  
  91  13:38  Marine x4  
  91  13:39  Siege Tank  
  94  13:56  Marine x4  
Tags
 
Add a new tag
Caveats
  • Supply blocks, unpowered buildings, or Contaminate may cause inaccurate times.
  • Supply counts are checked every 10 seconds.